 Dungeon Crawl Stone Soup version 0.27-a0-637-g3a9f0a9c12 (webtiles) character file.

Game seed: 10447499787815792699

40 zzzxxxcccvvv the Skirmisher (level 3, 0/33 HPs)
             Began as a Minotaur Berserker on Mar 14, 2021.
             Was a Follower of Trog.
             Slain by a gnoll
             ... wielding a +0 spear
              (6 damage)
             ... on level 2 of the Dungeon.
             The game lasted 00:05:50 (1551 turns).

zzzxxxcccvvv the Skirmisher (Minotaur Berserker)    Turns: 1551, Time: 00:05:51

Health: 0/33       AC:  4    Str: 21    XL:     3   Next: 30%
Magic:  2/2        EV: 12    Int: 10    God:    Trog [*.....]
Gold:   55         SH:  0    Dex: 10    Spells: 2/2 levels left

rFire    . . .     SeeInvis .   a - +0 hand axe
rCold    . . .     Faith    .   (no shield)
rNeg     . . .     Spirit   .   g - +0 leather armour
rPois    .         Reflect  .   (helmet restricted)
rElec    .         Harm     .   (no cloak)
rCorr    .         Rampage  .   (no gloves)
Will     .....                  c - +0 pair of boots
Stlth    +.........             (no amulet)
HPRegen  0.11/turn              h - +6 ring of intelligence
MPRegen  0.08/turn              (no ring)

@: no status effects
A: horns 2, retaliatory headbutt
a: Renounce Religion, Berserk


You were on level 2 of the Dungeon.
You worshipped Trog.
Trog was aware of your devotion.
You visited 1 branch of the dungeon, and saw 2 of its levels.

You collected 55 gold pieces.

Inventory:

Hand Weapons
 a - a +0 hand axe (weapon)
Missiles
 d - 37 stones
Armour
 c - a +0 pair of boots (worn)
 g - a +0 leather armour (worn)
Jewellery
 h - a +6 ring of intelligence (right hand)
Scrolls
 e - 2 scrolls of identify {unknown}
 f - a scroll of enchant weapon {unknown}
 i - a scroll of immolation {unknown}
 j - a scroll of amnesia {unknown}
 l - a scroll of enchant armour {unknown}
Potions
 b - a potion of curing {unknown}
 k - a potion of brilliance {unknown}
 m - a potion of might {unknown}


   Skills:
 + Level 3.9 Fighting
 + Level 3.9(4.1) Axes
 + Level 0.9(2.7) Maces & Flails
 + Level 1.1(2.8) Polearms
 + Level 0.8(1.3) Staves
 + Level 3.0 Armour
 * Level 2.5 Dodging


You had 2 spell levels left.
You didn't know any spells.
Your spell library was empty.

Dungeon Overview and Level Annotations

Branches:
Dungeon (2/15)

Altars:
Trog


Innate Abilities, Weirdness & Mutations

You have a pair of horns on your head.
You reflexively headbutt those who attack you in melee.


Message History

The kobold throws a stone.
The stone barely misses you.
You see here a scroll labelled QODUFOTSAT.
You barely miss the kobold. You headbutt the kobold.
You kill the kobold!
Trog accepts your kill.
e - 2 scrolls labelled QODUFOTSAT (gained 1)
You now have 55 gold pieces (gained 9).
A ball python comes into view.
The ball python hisses angrily.
Found a bloodstained altar of Trog.
You barely miss the ball python. Your headbutt misses the ball python.
The ball python bites you. The ball python grabs you.
The ball python constricts you. The ball python barely misses you.
You furiously retaliate!
You headbutt the ball python. The ball python constricts you.
You hit the ball python.
You kill the ball python!
Trog accepts your kill.
Found a leather armour.
You feel clever.
h - a +6 ring of intelligence (right hand)
Found 31 stones.
A gnoll comes into view. It is wielding a +0 spear.
The gnoll shouts!
A gnoll comes into view. It is wielding a +0 halberd.
The gnoll shouts!
The gnoll closely misses you. The gnoll closely misses you.
The gnoll hits you with a +0 spear!
You barely miss the gnoll. Your headbutt misses the gnoll.
The gnoll barely misses you. The gnoll hits you with a +0 spear.
You hit the gnoll. Your headbutt misses the gnoll.
The gnoll is moderately wounded.
The gnoll hits you from afar with a +0 halberd!
* * * LOW HITPOINT WARNING * * *
The gnoll barely misses you.
You barely miss the gnoll.
You headbutt the gnoll, but do no damage.
The gnoll is moderately wounded.
The gnoll barely misses you. The gnoll hits you with a +0 spear.
You die...

..# ... #.# #.#
#+# ... #.# #g#
##.####### #g#
#....(...# #@#
.###...#.##.#
#.# .#####
......###.#.#
#.# ......
.#...#.##.####.#
......
#..#..........#
######
#..#####.######
#..# #.#
#..#####.#
#........#


You could see 2 gnolls.

Vanquished Creatures
  2 adders (D:2)
  A leopard gecko (D:1)
  A ball python (D:2)
  2 giant cockroaches
  3 goblins (D:1)
  2 hobgoblins
  7 bats
  A frilled lizard (D:2)
  2 kobolds
  2 rats (D:1)
23 creatures vanquished.

Notes
Turn   | Place    | Note
-------+----------+-------------------------------------------
     0 | D:1      | zzzxxxcccvvv the Minotaur Berserker began the quest for the
                  | Orb.
     0 | D:1      | Reached XP level 1. HP: 19/19 MP: 0/0
   588 | D:1      | Reached XP level 2. HP: 27/27 MP: 1/1
  1050 | D:2      | Reached skill level 1 in Polearms
  1273 | D:2      | Reached XP level 3. HP: 33/33 MP: 2/2
  1437 | D:2      | Found a bloodstained altar of Trog.
  1551 | D:2      | Slain by a gnoll

Illustrated notes

Levels and vault maps discovered:
D:1:      nzn_arrival_crosshair, layout_loops_corners, serial_rivers,
          chequers_serial_rivers_small_b, chequers_serial_rivers_room_b,
          chequers_serial_rivers_room_b, chequers_serial_rivers_micro_d
D:2:      layout_loops_corners, trog_three_pillars_becter

Skill      XL: |  1  2 |
---------------+-------+-----
Polearms       | 1 |  1.1
Armour         | 3 |  3.0
Fighting       | |  3.9
Axes           | |  3.9
Maces & Flails | |  0.9
Staves         | |  0.8
Dodging        | |  2.5

Action                   || total
-------------------------++-------
Melee: Hand axe          ||    39
       Headbutt          ||     6
 Stab: Distracted        ||     1
Armor: Leather armour    ||     9
       Animal skin       ||     1
Dodge: Dodged            ||    27

Table legend: (Time is in decaauts)
 A = Elapsed time spent in this place.
 B = Non-inter-level travel time spent in this place.
 C = Inter-level travel time spent in this place.
 D = Time resting spent in this place.
 E = Time spent auto-exploring this place.
 F = Levels seen in this place.
 G = Mean time per level.
                   A        B        C        D        E       F      G
               +--------+--------+--------+--------+--------+-----+--------+
         Total |   1557 |   1545 |     12 |    100 |   1227 |   2 |  778.5 |
       Dungeon |   1557 |   1545 |     12 |    100 |   1227 |   2 |  778.5 |
               +--------+--------+--------+--------+--------+-----+--------+

Top non-repeatable levels by time:
     D:1: 1021 daAuts
     D:2: 535 daAuts
